 Dungeon Crawl Stone Soup version 0.29-a0-234-g0dae59b3db (webtiles) character file.

Game seed: 7069671218026854165

4 Hubjo the Sneak (level 1, -1/14 HPs)
             Began as a Vampire Enchanter on Mar 2, 2022.
             Slain by a quokka (2 damage)
             ... on level 1 of the Dungeon.
             The game lasted 00:00:45 (111 turns).

Hubjo the Sneak (Vampire Enchanter)                  Turns: 111, Time: 00:00:45

Health: -1/14      AC:  2    Str:  7    XL:     1   Next: 58%
Magic:  3/3        EV: 12    Int: 17    God:
Gold:   8          SH:  0    Dex: 14    Spells: 4/4 levels left

rFire   . . .      SeeInvis +   a - +1 dagger
rCold   . . .      Faith    .   (no shield)
rNeg    . . .      Spirit   .   b - +0 robe
rPois   .          Reflect  .   (no helmet)
rElec   .          Harm     .   (no cloak)
rCorr   .          Rampage  .   (no gloves)
Will    .....                   (no boots)
Stlth   +++.......              (no amulet)
HPRegen 0.24/turn               (no ring)
MPRegen 0.08/turn               (no ring)

@: healing quickly
A: alive, fangs 3, see invisible, vampiric 1
a: Exsanguinate


You were on level 1 of the Dungeon.
You visited 1 branch of the dungeon, and saw 1 of its levels.

You collected 8 gold pieces.

Inventory:

Hand Weapons
 a - a +1 dagger (weapon)
Armour
 b - a +0 robe (worn)
Potions
 c - a potion of invisibility


   Skills:
 * Level 0.3 Fighting
 + Level 1.1 Short Blades
 + Level 2.3 Dodging
 * Level 4.5 Stealth
 - Level 2.0 Spellcasting
 + Level 4.4 Hexes


You had 4 spell levels left.
You didn't know any spells.
Your spell library contained the following spells:

 Spells                   Type           Power      Damage    Failure   Level
 Confusing Touch          Hex            16%        N/A       10%         3
 Tukima's Dance           Hex            16%        N/A       10%         3
 Ensorcelled Hibernation  Hex/Ice        18%        N/A       12%         2
 Dazzling Flash           Conj/Hex       18%        N/A       24%         3


Dungeon Overview and Level Annotations

Branches:
Dungeon (1/15)

Altars:


Innate Abilities, Weirdness & Mutations

Your natural rate of healing is accelerated.
You have razor-sharp teeth.
You have supernaturally acute eyesight. (SInv)
You are afflicted with vampirism.


Message History

You are too injured to fight recklessly!
You are too injured to fight recklessly!
You escape the ball python's grasp.
The quokka bites you. The ball python misses you. The ball python grabs you.
The ball python constricts you.
You escape the ball python's grasp.
The ball python bites you but does no damage.
The ball python barely misses you.
You see here a scroll labelled DEN URELUMM.
You hit the quokka.
The quokka is heavily wounded.
The quokka bites you but does no damage.
The ball python bites you but does no damage.
The ball python closely misses you. The quokka misses you.
You hit the quokka.
The quokka is severely wounded.
The ball python bites you. The ball python grabs you.
The ball python constricts you. The quokka barely misses you.
You closely miss the quokka.
The quokka is severely wounded.
The ball python barely misses you. The ball python constricts you.
The quokka bites you but does no damage.
You hit the quokka but do no damage.
The quokka is severely wounded.
The ball python barely misses you. The ball python constricts you.
The quokka closely misses you.
You miss the quokka. Your bite misses the quokka.
The quokka is severely wounded.
The ball python bites you.
* * * LOW HITPOINT WARNING * * *
The ball python constricts you. The quokka bites you.
* * * LOW HITPOINT WARNING * * *
The ball python misses you. The ball python constricts you.
Unknown command.
You escape the ball python's grasp.
The quokka bites you but does no damage.
You closely miss the quokka.
The quokka is severely wounded.
The quokka bites you.
You die...

#... #.#.##.#.####
##...#
#####............
..... ...##.#.#.#.###.
#.#.####.#.###..[.###.
###...†.....##
##.......
........##...#
#..#####.
.##.#..S....#.#.#.# #.
#..#r##......... ..
##.>@....####.## ###
#..#.......##.#
#.#.####.##.##. #.#
.[..... . ####.### #


You could see a quokka and a ball python.

Vanquished Creatures
  A giant cockroach (D:1)
  A goblin (D:1)
  A bat (D:1)
  A kobold (D:1)
  A rat (D:1)
5 creatures vanquished.

Notes
Turn   | Place    | Note
-------+----------+-------------------------------------------
     0 | D:1      | Hubjo the Vampire Enchanter began the quest for the Orb.
     0 | D:1      | Reached XP level 1. HP: 13/13 MP: 3/3
   111 | D:1      | Slain by a quokka

Illustrated notes

Levels and vault maps discovered:
D:1:      scummos_arrival_simple_fountains, layout_loops_cross,
          dreamdust_ecumenical_altar_grove, amcnicky_mini_corridor_feature

Action                   || total
-------------------------++-------
Melee: Dagger            ||    20
       Bite              ||     5
 Stab: Sleeping          ||     1
Armor: Robe              ||     9
Dodge: Dodged            ||    23

Table legend: (Time is in decaauts)
 A = Elapsed time spent in this place.
 B = Non-inter-level travel time spent in this place.
 C = Inter-level travel time spent in this place.
 D = Time resting spent in this place.
 E = Time spent auto-exploring this place.
 F = Levels seen in this place.
 G = Mean time per level.
                   A        B        C        D        E       F      G
               +--------+--------+--------+--------+--------+-----+--------+
         Total |    110 |    110 |      0 |      0 |     70 |   1 |  110.0 |
       Dungeon |    110 |    110 |      0 |      0 |     70 |   1 |  110.0 |
               +--------+--------+--------+--------+--------+-----+--------+

Top non-repeatable levels by time:
     D:1: 110 daAuts
